 Dungeon Crawl Stone Soup version 0.23-a0-175-g97aacdb (console) character file.

107 TAS2012 the Cudgeler (level 4, -1/35 HPs)
             Began as a Mummy Fighter on Sept 17, 2018.
             Slain by Sigmund
             ... wielding a +0 scythe
              (11 damage)
             ... on level 3 of the Dungeon.
             The game lasted 00:05:57 (2284 turns).

TAS2012 the Cudgeler (Mummy Fighter)                Turns: 2284, Time: 00:05:58

Health: -1/35      AC:  3    Str: 19    XL:     4   Next: 57%
Magic:  4/4        EV:  8    Int:  7    God:
Gold:   130        SH:  8    Dex: 12    Spells: 3/3 levels left

rFire    . . .     SeeInvis .   a - +0 flail
rCold    + . .     Gourm    .   c - +0 shield
rNeg     + + +     Faith    +   i - +1 robe {rF+}
rPois    ∞         Spirit   .   (no helmet)
rElec    .         Reflect  .   (no cloak)
rCorr    .         Harm     .   (no gloves)
MR       .....     Rnd*Tele +   (no boots)
Stlth    ..........             g - amulet of faith
HPRegen  0.11/turn              f - ring of attention (curse)
MPRegen  0.09/turn              k - ring of teleportation (curse)

@: no status effects
A: no food or potions, fire vulnerability, cold resistance 1, negative energy
resistance 3, torment resistance, unbreathing
a: no special abilities


You were on level 3 of the Dungeon.
You were not hungry.

You visited 1 branch of the dungeon, and saw 3 of its levels.

You collected 130 gold pieces.

Inventory:

Hand Weapons
 a - a +0 flail (weapon)
Missiles
 e - 31 stones (quivered)
 n - 17 poisoned needles
Armour
 b - a +0 scale mail
 c - a +0 shield (worn)
 i - a +1 robe of fire resistance (worn)
 j - a +0 large shield
Jewellery
 f - a cursed ring of attention (left hand)
 g - an amulet of faith (around neck)
 h - a +1 ring of protection
 k - a cursed ring of teleportation (right hand)
 l - a +3 ring of protection
 m - an uncursed ring of stealth {unknown}
 p - a +3 ring of evasion {unknown}
Scrolls
 d - a scroll of teleportation
 o - a scroll of enchant armour {unknown}
 q - a scroll of remove curse {unknown}


   Skills:
 - Level 3.0 Fighting
 + Level 4.0 Maces & Flails
 - Level 2.4 Armour
 - Level 2.4 Shields


You had 3 spell levels left.
You didn't know any spells.
Your spell library was empty.

Dungeon Overview and Level Annotations

Branches:
Dungeon (3/15)

Altars:
Hepliaklqana

Annotations:
D:3 Sigmund


Innate Abilities, Weirdness & Mutations

You do not eat or drink.
Your flesh is vulnerable to fire.
You are immune to poison.
Your flesh is cold resistant. (rC+)
You are immune to negative energy. (rN+++)
You are immune to unholy pain and torment.
You can survive without breathing.


Message History

Sigmund barely misses you.
You barely miss Sigmund. Sigmund closely misses you.
You closely miss Sigmund. Sigmund barely misses you.
Your shield prevents you from hitting Sigmund.
You hit Sigmund but do no damage.
Sigmund flickers, as though insubstantial.
Sigmund gestures wildly while chanting.
Sigmund flickers and vanishes!
Deactivating autopickup; reactivate with Ctrl-A.
Something hits you.
No target in view!
No target in view!
No target in view!
No target in view!
You closely miss something. You miss something. Something hits you!
You miss something. Something hits you!
* * * LOW HITPOINT WARNING * * *
You miss something. Something hits you!
You die...

▒···········▒
▒▒▒▒········▒▒▒·▒·▒
▒▒▒▒▒·▒▒▒·▒(▒
▒·········'·····▒
▒·▒···▒·▒
▒·········▒▒▒·▒▒▒
▒·▒·▒▒▒·▒
▒···········▒·▒ ▒·▒·▒
▒·▒ ▒···········▒·▒
▒·▒·▒ ▒·▒
▒···········▒·▒ ▒·▒·▒
▒·▒ ▒···········▒·▒
▒·▒·▒ ▒·▒ ▒▒▒
▒·▒▒▒▒▒▒▒▒··▒·▒ ▒·▒·▒
▒·▒ ··▒ ··▒·▒ ▒·▒·▒
▒·▒ ▒·▒ ·<▒ ▒·▒ ▒··
▒{▒ ·▒▒ ▒·▒ ▒@▒ ▒·▒
▒·▒
▒·▒▒▒▒▒▒▒▒▒▒▒▒▒▒▒▒▒·▒
▒······)············▒
▒▒▒▒▒▒▒▒▒▒▒▒▒▒▒▒▒▒▒▒▒


There were no monsters in sight!

Vanquished Creatures
  Jessica (D:2)
  A hound zombie (D:3)
  A dart slug (D:1)
  3 leopard geckos (D:2)
  8 bats
  3 giant cockroaches
  6 goblins
  9 hobgoblins
  2 jackals (D:2)
  A quokka (D:2)
  2 frilled lizards
  12 kobolds
  10 rats
59 creatures vanquished.

Notes
Turn   | Place    | Note
-------+----------+-------------------------------------------
     0 | D:1      | TAS2012 the Mummy Fighter began the quest for the Orb.
     0 | D:1      | Reached XP level 1. HP: 18/18 MP: 1/1
    73 | D:1      | Reached skill level 2 in Maces & Flails
   142 | D:1      | Reached XP level 2. HP: 17/24 MP: 2/2
   672 | D:1      | Reached XP level 3. HP: 27/29 MP: 3/3
   815 | D:1      | Reached skill level 3 in Maces & Flails
  1094 | D:2      | Found a hazy altar of Hepliaklqana.
  1119 | D:2      | Noticed Jessica
  1148 | D:2      | Killed Jessica
  1148 | D:2      | Reached XP level 4. HP: 33/35 MP: 4/4
  1975 | D:3      | Reached skill level 4 in Maces & Flails
  2273 | D:3      | Noticed Sigmund
  2284 | D:3      | Slain by Sigmund

Vault maps used:
D:1:      matt_arrival_diagonals
D:2:      lemuel_crystal_altar, uniq_jessica
D:3:      uniq_sigmund, uniq_ijyb

Skill      XL: |  1  2  3  4 |
---------------+-------------+-----
Maces & Flails | 2 3 4 |  4.0
Fighting       | |  3.0
Armour         | |  2.4
Shields        | |  2.4

Action                   |  1- 3 |  4- 6 || total
-------------------------+-------+-------++-------
Melee: Flail             |   135 |    62 ||   197
Throw: Stone             |     1 |       ||     1
  Use: Scroll            |     2 |     1 ||     3
Armor: Scale mail        |    58 |       ||    58
       Robe              |       |    19 ||    19
Dodge: Dodged            |    52 |    19 ||    71
Block: Shield            |    83 |    28 ||   111

Table legend:
 A = Non-vault XP
 B = Vault XP
 C = Vault XP percentage of total XP
 D = Non-vault monster count
 E = Vault monster count
 F = Vault count percentage of total count
                 A         B        C        D         E       F
            +---------+---------+-------+---------+---------+-------
      Total |     117 |      37 |  24.0 |      58 |       1 |   1.7
            +---------+---------+-------+---------+---------+-------
        D:1 |      47 |       0 |   0.0 |      27 |       0 |   0.0
        D:2 |      40 |      37 |  48.1 |      23 |       1 |   4.2
        D:3 |      30 |       0 |   0.0 |       8 |       0 |   0.0
            +---------+---------+-------+---------+---------+-------
